 Dungeon Crawl Stone Soup version 0.26.1-11-gd32895ea62 (webtiles) character file.

Game seed: 11707727980051551829

10432 phalm the Thaumaturge (level 11, 0/84 HPs)
             Began as a Mummy Conjurer on June 21, 2021.
             Was an Initiate of Gozag.
             Killed from afar by a gargoyle (15 damage)
             ... with a stone arrow
             ... on level 10 of the Dungeon.
             The game lasted 00:31:48 (13447 turns).

phalm the Thaumaturge (Mummy Conjurer)             Turns: 13447, Time: 00:31:49

Health: 0/84       AC: 11    Str: 12    XL:     11   Next: 36%
Magic:  6/24       EV: 11    Int: 20    God:    Gozag
Gold:   1303       SH:  4    Dex: 10    Spells: 17/28 levels left

rFire    + . .     SeeInvis .   e - +2 hand axe (vorpal)
rCold    + + .     Faith    .   P - +0 buckler "Hocu" {rElec} (curse)
rNeg     + + +     Spirit   .   B - +0 troll leather armour {Purgy}
rPois    ∞         Reflect  .   I - +0 helmet (curse)
rElec    +         Harm     .   n - +0 cloak
rCorr    +         Rampage  .   b - +0 pair of gloves
Will     ++...                  r - +2 pair of boots
Stlth    +.........             y - amulet of magic regeneration
HPRegen  0.64/turn              f - ring of protection from fire
MPRegen  0.44/turn              N - ring of willpower

@: mighty, resistant
A: no potions, fire vulnerability, cold resistance 1, negative energy resistance
3, torment resistance, unbreathing
a: Renounce Religion, Potion Petition, Call Merchant, Bribe Branch


You were on level 10 of the Dungeon.
You worshipped Gozag.
Gozag was most pleased with you.
You visited 2 branches of the dungeon, and saw 11 of its levels.
You also visited: Sewer and Ossuary.

You collected 1904 gold pieces.
You paid 601 gold pieces to Gozag.


Innate Abilities, Weirdness & Mutations

You do not drink.
Your flesh is vulnerable to fire.
You are immune to poison.
Your flesh is cold resistant. (rC+)
You are immune to negative energy. (rN+++)
You are immune to unholy pain and torment.
You can survive without breathing.


   Skills:
 + Level 7.1 Fighting
 + Level 3.6 Armour
 - Level 1.5 Dodging
 - Level 1.5 Stealth
 - Level 4.0 Shields
 + Level 9.1 Spellcasting
 + Level 7.5 Conjurations
 + Level 5.9 Hexes
 + Level 6.8 Translocations


You had 17 spell levels left.
You knew the following spells:

 Your Spells              Type           Power        Failure   Level
f - Fulminant Prism       Conj/Hex       18%          6%          4
m - Magic Dart            Conj           100%         1%          1
s - Searing Ray           Conj           78%          1%          2
X - Iskenderun's Mystic   Conj/Tloc      37%          4%          4

Your spell library contained the following spells:

 Spells                   Type           Power        Failure   Level
 Dazzling Flash           Conj/Hex       72%          1%          3
 Beastly Appendage        Tmut           Unusable     N/A         1
 Wereblood                Tmut           Unusable     N/A         2
 Spider Form              Tmut/Pois      Unusable     N/A         3
 Ice Form                 Ice/Tmut       Unusable     N/A         4
 Blade Hands              Tmut           Unusable     N/A         5

Inventory:

Hand Weapons
 e - a +2 vorpal hand axe (weapon)
   (You took it off an orc on level 3 of the Dungeon)
 q - a +1 whip of electrocution
   (You took it off a kobold on level 3 of the Dungeon)
 Q - a +0 hunting sling
   (You took it off a goblin on level 3 of the Dungeon)
Missiles
 c - 88 sling bullets
 h - 60 bolts
 o - 10 boomerangs
 x - 3 atropa-tipped darts
 D - 18 poisoned darts (quivered)
 H - 4 boomerangs of dispersal {=f!f}
 K - 5 javelins
Armour
 b - a +0 pair of gloves (worn)
   (You found it on level 1 of the Dungeon)
 n - a +0 cloak (worn)
   (You found it on level 2 of the Dungeon)
 r - a +2 pair of boots (worn)
   (You found it on level 4 of the Dungeon)
 w - the +3 ring mail of the Monk {Rampage +Inv Int+4 Stlth+}
   (You found it on level 4 of the Dungeon)

   It affects your intelligence (+4).
   It lets you turn invisible.
   It bestows one free step when moving towards enemies.
   It makes you more stealthy.
 B - a +0 troll leather armour (worn) {Purgy}
   (You found it in a sewer)
 I - a cursed +0 helmet (worn)
   (You found it on level 7 of the Dungeon)
 P - the cursed +0 buckler "Hocu" (worn) {rElec}
   (You took it off a kobold on level 8 of the Dungeon)

   It insulates you from electricity.
   It has a curse placed upon it.
Jewellery
 f - a ring of protection from fire (left hand)
   (You found it on level 9 of the Dungeon)
 v - an uncursed ring of see invisible
   (You found it on level 7 of the Dungeon)
 y - an amulet of magic regeneration (around neck)
   (You found it in a sewer)
 z - an uncursed ring of willpower
   (You found it on level 5 of the Dungeon)
 C - an uncursed ring of protection from cold
   (You found it on level 1 of the Dungeon)
 F - an uncursed ring of fire
   (You took it off an orc warrior on level 7 of the Dungeon)
 L - an uncursed ring of flight
   (You found it on level 8 of the Dungeon)
 N - a ring of willpower (right hand)
   (You found it on level 8 of the Dungeon)
Wands
 p - a wand of polymorph (5)
   (You found it on level 6 of the Dungeon)
 G - a wand of flame (51)
   (You found it on level 6 of the Dungeon)
 O - a wand of disintegration (4)
   (You found it on level 6 of the Dungeon)
Scrolls
 d - a scroll of enchant armour
 g - 7 scrolls of remove curse {@r2}
 i - 5 scrolls of teleportation {@r4}
 j - 4 scrolls of magic mapping {!r}
 k - 2 scrolls of fog
 l - 2 scrolls of immolation {!r!r}
 m - a scroll of enchant weapon
 s - a scroll of noise {!r}
 t - 5 scrolls of blinking {!r}
 u - 2 scrolls of amnesia
 A - 2 scrolls of fear
 J - 2 scrolls of brand weapon

Dungeon Overview and Level Annotations

Branches:
Dungeon (10/15)            Temple (1/1) D:7            Lair (0/6) D:9
    Orc (0/2) D:9           Sewer (visited)         Ossuary (visited)

Altars:
Ashenzari
Cheibriados
Dithmenos
Elyvilon
Fedhas
Gozag
Hepliaklqana
Kikubaaqudgha
Makhleb
Nemelex Xobeh
Okawaru
Qazlal
Ru
Sif Muna
Trog
Uskayaw
Vehumet
Wu Jian
Xom
Yredelemnul
Zin
The Shining One
Beogh

Annotations:
D:4 dig

.....# #......... .....
#.##..#### .. ....
+.##..# ... ###'#####
#.##..#### ....#.....#.##
#.##......
....#..[..#..##
#.........
#...'.(.[.....#
#..<......
#..#....9#....##..#######
#..).@#(....#..#
###.####....#..#
#.....###.9.'..#
##.....###..#..#
##.....###.#..#######
##.....####.........
##.....###.........
+#######.####..........
.......................


You could see a gargoyle.


Message History

Aiming: Magic Dart (safe; 1% risk of failure)
Press: ? - help, Shift-Dir - straight line, f/p - gargoyle
Aim: a gargoyle, wielding a +0 mace (heavily damaged, 0% to evade)
The magic dart hits the gargoyle but does no damage.
The gargoyle hurls a stone arrow at you.
The stone arrow hits you!
* * * LOW HITPOINT WARNING * * *
😨 HP[-15] MP[-1]
You take 15 damage, and now have 27/84 hp.
You lost 1 mp, and now have 11/24 mp.
Casting: Magic Dart (safe; 1% risk of failure)
Confirm with . or Enter, or press ? or * to list all spells.
Aiming: Searing Ray (safe; 1% risk of failure)
Press: ? - help, Shift-Dir - straight line, f/p - gargoyle
Aim: a gargoyle, wielding a +0 mace (heavily damaged, 9% to evade)
The searing ray hits the gargoyle but does no damage. (Press . to maintain the ray.)
The gargoyle hurls a stone arrow at you.
The stone arrow hits you!!
* * * LOW HITPOINT WARNING * * *
😱 HP[-19] MP[-1]
You take 19 damage, and now have 8/84 hp.
MASSIVE DAMAGE!! (PAUSE)
You lost 1 mp, and now have 10/24 mp. 😱 HP[+1] [a] - 440 gold - heal wounds, curing, resistance and might [b] - 210 gold - haste [c] - 800 gold - haste, brilliance, resistance and invisibility Purchase which effect?
You feel much better.
You feel better.
You feel protected.
You feel very mighty all of a sudden. 😨 HP[+30] MP[+1]
You regained 30 hp, and now have 39/84 hp.
You start resting.
A gargoyle is nearby! 😨 HP[+1]
Casting: Searing Ray (safe; 1% risk of failure)
Confirm with . or Enter, or press ? or * to list all spells.
Aiming: Searing Ray (safe; 1% risk of failure)
Press: ? - help, Shift-Dir - straight line, f/p - gargoyle
Aim: a gargoyle, wielding a +0 mace (heavily damaged, 9% to evade)
The searing ray hits the gargoyle but does no damage. (Press . to maintain the ray.) 😨 HP[+1] MP[-1]
You lost 1 mp, and now have 10/24 mp. 😨 MP[-1]
You lost 1 mp, and now have 9/24 mp.
The searing ray hits the gargoyle but does no damage. 😨 HP[+1]
You finish channeling your searing ray. 😮 HP[+1] MP[-1]
You lost 1 mp, and now have 8/24 mp.
Casting: Searing Ray (safe; 1% risk of failure)
Confirm with . or Enter, or press ? or * to list all spells.
Aiming: Searing Ray (safe; 1% risk of failure)
Press: ? - help, Shift-Dir - straight line, f/p - gargoyle
Aim: a gargoyle, wielding a +0 mace (heavily damaged, 9% to evade)
The searing ray hits the gargoyle but does no damage. (Press . to maintain the ray.) 😮 MP[-1]
You lost 1 mp, and now have 7/24 mp. 😮 HP[+1] MP[-1]
You lost 1 mp, and now have 6/24 mp.
The searing ray hits the gargoyle but does no damage.
The gargoyle hurls a stone arrow at you.
The stone arrow hits you!
* * * LOW HITPOINT WARNING * * *
😨 HP[-17]
You take 17 damage, and now have 27/84 hp.
MASSIVE DAMAGE!! (PAUSE)
The searing ray hits the gargoyle.
You finish channeling your searing ray. 😨 HP[+1] MP[-1]
You lost 1 mp, and now have 5/24 mp. 😨 HP[+1]
Casting: Searing Ray (safe; 1% risk of failure)
Confirm with . or Enter, or press ? or * to list all spells.
Aiming: Searing Ray (safe; 1% risk of failure)
Press: ? - help, Shift-Dir - straight line, f/p - gargoyle
Aim: a gargoyle, wielding a +0 mace (heavily damaged, 9% to evade)
The searing ray hits the gargoyle. (Press . to maintain the ray.) 😨 MP[-1]
You lost 1 mp, and now have 4/24 mp.
You hit the gargoyle but do no damage.
The gargoyle hits you but does no damage. 😨 HP[+1]
You hit the gargoyle but do no damage.
The gargoyle hurls a stone arrow at you.
The stone arrow hits you!
* * * LOW HITPOINT WARNING * * *
😨 HP[-6] MP[+1]
You take 6 damage, and now have 24/84 hp.
You hit the gargoyle.
The gargoyle closely misses you. 😨 HP[+1] MP[+1]
You hit the gargoyle but do no damage. The gargoyle hits you with a +0 mace!
* * * LOW HITPOINT WARNING * * *
The gargoyle hurls a stone arrow at you.
The stone arrow hits you!
You die...
Your body crumbles into a pile of gold.

Skill      XL: |  1  2  3  4  5  6  7  8  9 10 11 |
---------------+----------------------------------+-----
Spellcasting   | 3 4 5 6 7 8 9 |  9.1
Fighting       | 1 2 3 4 5 6 7 |  7.1
Conjurations   | 4 5 6 7 |  7.5
Translocations | 1 3 4 5 6 |  6.8
Hexes          | 1 2 3 4 5 |  5.9
Armour         | 1 3 |  3.6
Shields        | 1 3 4 |  4.0
Dodging        | |  1.5
Stealth        | |  1.5

Action                   |  1- 3 |  4- 6 |  7- 9 | 10-12 || total
-------------------------+-------+-------+-------+-------++-------
Melee: Hand axe          |     6 |    16 |       |     6 ||    28
       Whip              |       |    29 |    42 |    50 ||   121
Throw: Boomerang         |       |     3 |     8 |       ||    11
       Dart              |       |       |       |     6 ||     6
 Cast: Magic Dart        |    73 |   124 |   208 |   179 ||   584
       Searing Ray       |     2 |    14 |    79 |    75 ||   170
       Iskenderun's Myst |       |       |     2 |     6 ||     8
       Fulminant Prism   |       |       |     1 |     3 ||     4
Invok: Potion Petition   |       |       |       |     1 ||     1
Evoke: Wand              |       |       |     2 |     7 ||     9
  Use: Scroll            |       |     8 |     5 |     2 ||    15
Armor: Robe              |     2 |    15 |    14 |       ||    31
       Troll leather arm |       |       |    23 |    61 ||    84
Dodge: Dodged            |    12 |    32 |    94 |   120 ||   258
Block: Buckler           |       |       |       |    16 ||    16

Levels and vault maps discovered:
D:1:      heliophobic_arrival_henge, layout_basic, minmay_tiny_reverse_x
D:2:      minmay_thinvault, layout_loops_ring, lemuel_zombie_altar_kikubaaqudgha
D:3:      layout_basic, xom_teletrap_fun, cheibrodos_ashenzari_chains
D:4:      layout_basic, nicolae_ossuary_entry_catacombs, due_unseen_surprise
D:5:      layout_rooms, portal_sewer_entry_d, uniq_menkaure
D:6:      gammafunk_steamed_eel, layout_basic,
          nemelex_xobeh_ov_fountains_minmay, overflow_temple_1_default,
          uniq_edmund
D:7:      layout_cave_pools, minmay_temple_entry_tees, basic_altar,
          uniq_prince_ribbit1
D:8:      nzn_winding_woodlands_small
          [nzn_winding_woodlands_5x15_river_crossing,
          nzn_winding_woodlands_center_pierced_h,
          nzn_winding_woodlands_5x15_sidewinder], layout_basic,
          gammafunk_temple_overflow_claw, special_room [special_room_orc],
          vehumet_altar_wand_db
D:9:      layout_cave_pods, minmay_lair_entry_grove, orc_0_dummy,
          nicolae_tso_carved_into_rock
D:10:     layout_long_grid, minmay_quadrilaterals
Temple:   nicolae_temple_no_exploring_needed

Notes
Turn   | Place    | Note
-------+----------+-------------------------------------------
     0 | D:1      | phalm the Mummy Conjurer began the quest for the Orb.
     0 | D:1      | Reached XP level 1. HP: 13/13 MP: 4/4
     0 | D:1      | magus.rc [v1.9.10]
   332 | D:1      | Reached XP level 2. HP: 16/20 MP: 0/5
   465 | D:1      | Reached skill level 3 in Spellcasting
   858 | D:1      | Reached skill level 1 in Fighting
  1322 | D:2      | Reached XP level 3. HP: 26/26 MP: 2/7
  1327 | D:2      | Learned a level 2 spell: Searing Ray
  1879 | D:2      | Found an ancient bone altar of Kikubaaqudgha.
  1915 | D:2      | Reached skill level 4 in Conjurations
  2116 | D:2      | Reached XP level 4. HP: 32/32 MP: 7/9
  2986 | D:2      | Reached skill level 2 in Fighting
  3243 | D:3      | Reached XP level 5. HP: 35/38 MP: 4/10
  3438 | D:3      | Found a shimmering altar of Xom.
  3892 | D:3      | Found a broken altar of Ashenzari.
  4000 | D:3      | Reached skill level 4 in Spellcasting
  4520 | D:4      | Reached skill level 5 in Conjurations
  4520 | D:4      | Reached XP level 6. HP: 39/46 MP: 5/12
  4531 | D:4      | Learned a level 4 spell: Iskenderun's Mystic Blast
  4536 | D:4      | Learned a level 4 spell: Fulminant Prism
  4627 | D:4      | Found a sand-covered staircase.
  4639 | D:4      | Reached skill level 3 in Fighting
  4703 | Ossuary  | Entered an ossuary
  4720 | Ossuary  | Reached skill level 1 in Translocations
  4766 | Ossuary  | Reached skill level 1 in Hexes
  4766 | Ossuary  | Reached XP level 7. HP: 24/52 MP: 1/14
  4941 | Ossuary  | Reached skill level 5 in Spellcasting
  5224 | Ossuary  | Reached skill level 2 in Translocations
  5927 | D:4      | Reached skill level 2 in Hexes
  6157 | D:4      | Got a faintly glowing ring mail
  6168 | D:4      | Identified the +3 ring mail of the Monk {Rampage +Inv Int+4
                  | Stlth+} (You found it on level 4 of the Dungeon)
  6235 | D:4      | Reached skill level 3 in Translocations
  6448 | D:4      | Reached XP level 8. HP: 60/60 MP: 12/16
  6758 | D:4      | Reached skill level 4 in Fighting
  6881 | D:5      | Entered Level 5 of the Dungeon
  6991 | D:5      | Found a glowing drain.
  7000 | Sewer    | Entered a sewer
  7064 | Sewer    | Noticed Purgy
  7071 | Sewer    | Killed Purgy
  7072 | Sewer    | Reached skill level 6 in Spellcasting
  7253 | D:5      | Noticed Menkaure
  7258 | D:5      | Killed Menkaure
  7432 | D:5      | Reached skill level 4 in Translocations
  7439 | D:5      | Reached skill level 3 in Hexes
  7596 | D:5      | Reached skill level 6 in Conjurations
  7816 | D:6      | Noticed Edmund
  7844 | D:6      | Killed Edmund
  7908 | D:6      | Found a hazy altar of Hepliaklqana.
  7941 | D:6      | Reached XP level 9. HP: 67/67 MP: 12/18
  8064 | D:6      | Found a sparkling altar of Nemelex Xobeh.
  8075 | D:6      | Found a transporter.
  8093 | D:6      | Found a transporter.
  8234 | D:6      | Reached skill level 5 in Fighting
  8626 | D:6      | Reached skill level 5 in Translocations
  8726 | D:7      | Reached skill level 7 in Spellcasting
  9080 | D:7      | Reached skill level 4 in Hexes
  9294 | D:7      | Found a staircase to the Ecumenical Temple.
  9303 | Temple   | Entered the Ecumenical Temple
  9311 | Temple   | Became a worshipper of Gozag Ym Sagoz the Greedy
  9452 | D:7      | Noticed Prince Ribbit
  9464 | D:7      | Killed Prince Ribbit
  9633 | D:7      | Found a snail-covered altar of Cheibriados.
  9686 | D:8      | Found a radiant altar of Vehumet.
  9781 | D:8      | You pick up a book of Changes and begin reading...
  9825 | D:8      | Noticed a manticore
  9833 | D:8      | Killed a manticore
  9834 | D:8      | Reached skill level 1 in Armour
  9834 | D:8      | Reached skill level 1 in Shields
  9834 | D:8      | Reached XP level 10. HP: 59/76 MP: 15/21
  9877 | D:8      | Noticed a manticore
  9886 | D:8      | Killed a manticore
  9887 | D:8      | Reached skill level 6 in Fighting
  9887 | D:8      | Reached skill level 6 in Translocations
  9988 | D:8      | Reached skill level 2 in Shields
 10108 | D:8      | Reached skill level 2 in Armour
 10355 | D:8      | Identified the cursed +0 buckler "Hocu" {rElec}
 10401 | D:8      | Reached skill level 8 in Spellcasting
 10606 | D:8      | Found a hide-covered altar of Uskayaw.
 10606 | D:8      | Found a broken altar of Ashenzari.
 10607 | D:8      | Found a glowing golden altar of the Shining One.
 10986 | D:8      | Found a roughly hewn altar of Beogh.
 11163 | D:8      | Reached skill level 5 in Hexes
 11228 | D:9      | Reached skill level 7 in Conjurations
 11299 | D:9      | Reached skill level 3 in Shields
 11481 | D:9      | Found a staircase to the Lair.
 11603 | D:8      | Reached skill level 3 in Armour
 11900 | D:9      | Reached XP level 11. HP: 64/83 MP: 18/23
 11960 | D:9      | Reached skill level 4 in Shields
 12564 | D:9      | Found a staircase to the Orcish Mines.
 12689 | D:9      | Found a glowing golden altar of the Shining One.
 13016 | D:10     | Entered Level 10 of the Dungeon
 13101 | D:10     | Reached skill level 7 in Fighting
 13214 | D:10     | Noticed an unseen horror
 13220 | D:10     | Killed an unseen horror
 13221 | D:10     | Reached skill level 9 in Spellcasting
 13429 | D:10     | HP: 8/84 [gargoyle/stone arrow (19)]
 13447 | D:10     | HP: 15/84 [gargoyle/+0 mace (11)]
 13447 | D:10     | Killed from afar by a gargoyle

Vanquished Creatures
  An unseen horror (D:10)
  2 manticores (D:8)
  A hornet (D:9)
  Prince Ribbit (D:7)
  A shadow (D:10)
  8 yaks
  5 wyverns
  A basilisk (D:9)
  Edmund (D:6)
  Menkaure (D:5)
  5 water moccasins
  3 sky beasts
  8 orc warriors
  An ice beast (D:9)
  Purgy (Sewer)
  A black bear (D:6)
  5 ogres
  5 centaurs
  2 big kobolds
  8 bullfrogs
  A wyvern zombie (D:7)
  4 elf skeletons (D:4)
  A wyvern skeleton (D:7)
  A scorpion (D:8)
  2 water moccasin skeletons
  5 wights (D:9)
  2 killer bees (D:10)
  A howler monkey (D:8)
  4 electric eels
  A bullfrog zombie (D:7)
  6 centaur zombies
  2 bullfrog skeletons (D:8)
  2 jellies
  6 hounds
  A quasit (D:7)
  A centaur skeleton (D:9)
  5 orc priests
  5 orc wizards
  A gnoll shaman (D:8)
  2 human skeletons (D:4)
  5 iguanas
  11 worker ants
  2 killer bee zombies (Ossuary)
  2 hound zombies (Ossuary)
  11 mummies (Ossuary)
  4 howler monkey zombies
  3 worker ant zombies (Ossuary)
  3 gnolls (D:5)
  20 adders
  A shadow imp (D:7)
  4 white imps
  An ufetubus (D:8)
  An ooze (D:5)
  4 adder zombies
  An adder skeleton (D:2)
  3 worms
  2 dart slugs (D:3)
  4 leopard geckos
  58 orcs
  A ball python (D:3)
  7 giant cockroaches
  7 goblins
  12 hobgoblins
  15 jackals
  7 quokkas
  15 bats
  7 frilled lizards
  2 jackal skeletons (D:6)
  2 jackal zombies (Ossuary)
  17 kobolds
  A leopard gecko skeleton (D:4)
  2 leopard gecko zombies
  A quokka skeleton (D:8)
  2 quokka zombies (Ossuary)
  10 rats
  A rat zombie (D:2)
363 creatures vanquished.

Vanquished Creatures (others)
  4 fulminant prisms
  3 fungi (D:9)
  12 plants
  9 withered plants (Ossuary)
28 creatures vanquished.

Grand Total: 391 creatures vanquished

Table legend:
 A = Non-vault XP
 B = Vault XP
 C = Vault XP percentage of total XP
 D = Non-vault monster count
 E = Vault monster count
 F = Vault count percentage of total count
                 A         B        C        D         E       F
            +---------+---------+-------+---------+---------+-------
      Total |    8010 |    6893 |  46.3 |     231 |     132 |  36.4
            +---------+---------+-------+---------+---------+-------
        D:1 |      35 |       3 |   7.9 |      22 |       2 |   8.3
        D:2 |      76 |      69 |  47.6 |      22 |      18 |  45.0
        D:3 |     129 |       0 |   0.0 |      29 |       0 |   0.0
        D:4 |     244 |     393 |  61.7 |      15 |       6 |  28.6
        D:5 |     703 |     170 |  19.5 |      33 |       2 |   5.7
        D:6 |     537 |     330 |  38.1 |      17 |       4 |  19.0
        D:7 |    1116 |     259 |  18.8 |      24 |       1 |   4.0
        D:8 |     707 |    3023 |  81.0 |      19 |      49 |  72.1
        D:9 |    3141 |    1471 |  31.9 |      39 |       8 |  17.0
       D:10 |    1322 |     388 |  22.7 |      11 |       5 |  31.2
      Sewer |       0 |     135 | 100.0 |       0 |       6 | 100.0
    Ossuary |       0 |     652 | 100.0 |       0 |      31 | 100.0
            +---------+---------+-------+---------+---------+-------

Illustrated notes

Table legend:
 A = Kills in this place as a percentage of kills in entire the game.
 B = Kills by you in this place as a percentage of kills by you in the entire game.
 C = Kills by friends in this place as a percentage of kills by friends in the entire game.
 D = Other kills in this place as a percentage of other kills in the entire game.
 E = Experience gained in this place as a percentage of experience gained in the entire game.
 F = Experience gained in this place divided by the number of levels of this place that you have seen.
                   A       B       C       D       E      F
               +-------+-------+-------+-------+-------+----------------------
         Total | 100.0 | 100.0 |   N/A |   N/A | 100.0 | 1146.4
       Dungeon |  89.8 |  89.8 |   N/A |   N/A |  94.7 | 1411.6
         Sewer |   1.7 |   1.7 |   N/A |   N/A |   0.9 | 135.0
       Ossuary |   8.5 |   8.5 |   N/A |   N/A |   4.4 | 652.0
               +-------+-------+-------+-------+-------+----------------------

Table legend: (Time is in decaauts)
 A = Elapsed time spent in this place.
 B = Non-inter-level travel time spent in this place.
 C = Inter-level travel time spent in this place.
 D = Time resting spent in this place.
 E = Time spent auto-exploring this place.
 F = Levels seen in this place.
 G = Mean time per level.
                   A        B        C        D        E       F      G
               +--------+--------+--------+--------+--------+-----+--------+
         Total |  13507 |  12840 |    667 |    150 |  10435 |  13 | 1039.0 |
       Dungeon |  12095 |  11435 |    660 |    150 |   9279 |  10 | 1209.5 |
        Temple |     15 |      8 |      7 |      0 |      0 |   1 |   15.0 |
         Sewer |    165 |    165 |      0 |      0 |    130 |   1 |  165.0 |
       Ossuary |   1230 |   1230 |      0 |      0 |   1026 |   1 | 1230.0 |
               +--------+--------+--------+--------+--------+-----+--------+

Top non-repeatable levels by time:
     D:2: 2022 daAuts
     D:8: 1798 daAuts
     D:9: 1567 daAuts
     D:1: 1312 daAuts
     D:4: 1237 daAuts
     D:3: 1234 daAuts
 Ossuary: 1230 daAuts
     D:6: 1000 daAuts
     D:5: 777 daAuts
     D:7: 715 daAuts
    D:10: 428 daAuts
   Sewer: 165 daAuts
  Temple: 15 daAuts
